 Dungeon Crawl Stone Soup version 0.28-a0-172-g787e458d71 (webtiles) character file.

Game seed: 4241862065776340962

1582 voltaire321 the Skirmisher (level 8, 0/64 HPs)
             Began as a Merfolk Gladiator on Aug 16, 2021.
             Slain by an unseen horror (3 damage)
             ... on level 5 of the Dungeon.
             The game lasted 00:23:16 (7233 turns).

voltaire321 the Skirmisher (Merfolk Gladiator)      Turns: 7233, Time: 00:23:16

Health: 0/64       AC: 10    Str: 14    XL:     8   Next: 91%
Magic:  11/11      EV: 10    Int:  9    God:
Gold:   188        SH: 14    Dex: 16    Spells: 8/11 levels left

rFire   . . .      SeeInvis .   a - +4 trident
rCold   . . .      Faith    .   y - +0 kite shield
rNeg    . . .      Spirit   .   v - +0 ring mail
rPois   .          Reflect  +   c - +0 helmet
rElec   .          Harm     .   (no cloak)
rCorr   .          Rampage  .   (no gloves)
Will    .....                   (no boots)
Stlth   +.........              l - amulet of reflection
HPRegen 0.20/turn               z - +4 ring of protection
MPRegen 0.12/turn               (no ring)

@: no status effects
A: (nimble swimmer 2), mertail
a: no special abilities


You were on level 5 of the Dungeon.
You visited 1 branch of the dungeon, and saw 5 of its levels.
You also visited: Sewer.

You collected 188 gold pieces.

Inventory:

Hand Weapons
 a - a +4 trident (weapon)
 n - the +0 mace of Yses {speed, rElec rC+ Str+3 Stlth+}
   (You took it off a centaur on level 5 of the Dungeon)

   Attacks with this weapon are significantly faster.
   Str:       It affects your strength (+3).
   rC:        It protects you from cold.
   rElec:     It insulates you from electricity.
   Stlth:     It makes you more stealthy.
Missiles
 d - 5 throwing nets
 k - 19 poisoned darts (quivered)
 q - a curare-tipped dart
Armour
 b - a scarf of shadows
 c - a +0 helmet (worn)
 v - a +0 ring mail (worn)
 y - a +0 kite shield (worn)
Jewellery
 f - a ring of fire
 l - an amulet of reflection (around neck)
 z - a +4 ring of protection (left hand)
Wands
 r - a wand of mindburst (12)
 u - a wand of paralysis (11)
Scrolls
 i - a scroll of magic mapping
 o - a scroll of noise
 B - 2 scrolls of blinking
Potions
 e - a potion of degeneration {unknown}
 h - 2 potions of mutation {unknown}
 j - 2 potions of might
 m - a potion of curing {unknown}
 s - a potion of cancellation
 w - 3 potions of haste
 x - a potion of resistance
 A - a potion of berserk rage


   Skills:
 + Level 6.2 Fighting
 - Level 6.0 Polearms
 - Level 3.0 Throwing
 + Level 3.6 Armour
 - Level 5.0 Dodging
 + Level 3.2 Shields
 - Level 2.0 Spellcasting
 + Level 4.8 Summonings


You had 8 spell levels left.
You knew the following spells:

 Your Spells              Type           Power      Damage    Failure   Level
a - Call Canine Familiar  Summ           9%         N/A       77%         3

Your spell library contained the following spells:

 Spells                   Type           Power      Damage    Failure   Level
 Animate Skeleton         Necr           0%         N/A       96%         1
 Pain                     Necr           0%         1d4       96%         1
 Ignite Poison            Fire/Tmut/Pois 0%         N/A       100%        3
 Mephitic Cloud           Conj/Pois/Air  0%         N/A       100%        3
 Portal Projectile        Hex/Tloc       0%         N/A       100%        3
 Vampiric Draining        Necr           0%         2d6       100%        3
 Leda's Liquefaction      Hex/Erth       0%         N/A       100%        4
 Bolt of Magma            Conj/Fire/Erth 0%         4d4       100%        5


Dungeon Overview and Level Annotations

Branches:
Dungeon (5/15)              Sewer (visited)
 Temple: D:4-7

Altars:
Okawaru
Sif Muna
Trog
Wu Jian

Shops:
D:2 (


Innate Abilities, Weirdness & Mutations

((You are quick and stealthy near water. (Stealth+, EV+, Speed+++)))
Your lower body shifts to a powerful aquatic tail in water.


Message History

There is an open door here.
You hit something. Something hits you. Something hits you but does no damage.
You block something's attack. Something hits you but does no damage.
Something hits you but does no damage. Something hits you.
You block something's attack.
There is an open door here.
Something hits you! Something hits you but does no damage.
Something hits you but does no damage. Something hits you.
There is a strange disturbance nearby!
You miss something. Something completely misses you.
You block something's attack.
You barely miss something. Something hits you. x2
Something hits you but does no damage.
You miss something. You block something's attack. Something hits you.
Something hits you. Something hits you but does no damage. Something hits you.
You hit something.
Something hits you but does no damage. x2
Something hits you.
You puncture something! Something hits you! Something hits you.
Something hits you but does no damage. Something hits you but does no damage.
You miss something. You block something's attack.
Something hits you but does no damage. Something hits you.
* * * LOW HITPOINT WARNING * * *
You barely miss something. You block something's attack. Something hits you.
* * * LOW HITPOINT WARNING * * *
You hit something. Something hits you.
* * * LOW HITPOINT WARNING * * *
Something hits you.
* * * LOW HITPOINT WARNING * * *
Something hits you.
* * * LOW HITPOINT WARNING * * *
You hit something. Something hits you but does no damage. Something hits you.
You die...

*##...##.##..#####.#*
#...*.).#...)..#.#********
#..#######..##.#.#,,,,,,,* ####
##.#....:#..##.#.#,#****,*** ...#
#..'.....#..<>...#.####*,*,, ##.#
#.#########.##.........,,,,, .#.#
#)#.......#..#..######**#### .#.#
#.#)......'.....###≈)####≈≈# ...#
#.#.......#@###.##≈≈≈)≈≈≈≈≈≈ >.##
#.#########{# #.###≈≈####≈≈# .##
#..'.....#..###...#≈##r≈##≈# .#
##.#.....#.#..(...#≈≈rrr≈#≈# .#
####.#######)#.####.#≈≈g5≈≈#≈#
.###.....#.).#.....###.####g≈##≈#
.#.......##.##.#.....###≈≈####≈≈#
.#.#......#'#......#...≈≈≈≈≈≈≈≈≈≈
.#.######......##.###.##≈≈####≈≈#


There were no monsters in sight!

Vanquished Creatures
  A centaur zombie (D:5)
  3 ogres (D:5)
  A centaur (D:5)
  4 kobold brigands (Sewer)
  A water moccasin skeleton (D:5)
  2 killer bees
  2 orc priests (D:5)
  A gnoll shaman (D:5)
  3 iguanas (D:5)
  2 orc wizards (D:5)
  A howler monkey zombie (D:5)
  4 gnolls (D:5)
  7 adders
  7 river rats
  2 ufetubi (D:5)
  An adder skeleton (D:4)
  3 worms
  3 dart slugs
  6 orcs
  6 ball pythons
  9 endoplasms
  3 giant cockroaches
  5 goblins
  7 hobgoblins
  11 quokkas
  3 bats
  3 frilled lizards
  11 kobolds
  14 rats
126 creatures vanquished.

Notes
Turn   | Place    | Note
-------+----------+-------------------------------------------
     0 | D:1      | voltaire321 the Merfolk Gladiator began the quest for the
                  | Orb.
     0 | D:1      | Reached XP level 1. HP: 16/16 MP: 1/1
   341 | D:1      | Reached XP level 2. HP: 20/23 MP: 2/2
  1144 | D:2      | Reached XP level 3. HP: 25/28 MP: 3/3
  1199 | D:2      | Found Huwiy's Weapon Boutique.
  1240 | D:2      | You fall into a shaft and drop 1 floor!
  1593 | D:2      | Reached skill level 5 in Polearms
  1601 | D:2      | Learned a level 3 spell: Call Canine Familiar
  2127 | D:3      | Found a faded altar of an unknown god.
  2208 | D:3      | Reached XP level 4. HP: 34/34 MP: 5/5
  2254 | D:3      | Found an ornate altar of the Wu Jian Council.
  3604 | D:4      | Found a bloodstained altar of Trog.
  3913 | D:5      | Entered Level 5 of the Dungeon
  3945 | D:5      | Noticed a centaur
  3977 | D:5      | Reached skill level 1 in Spellcasting
  3977 | D:5      | Reached XP level 5. HP: 11/41 MP: 6/6
  4000 | D:5      | Reached skill level 1 in Summonings
  4013 | D:5      | Found a glowing drain.
  4032 | Sewer    | Entered a sewer
  4200 | Sewer    | Noticed a kobold brigand
  4200 | Sewer    | Noticed a kobold brigand
  4224 | Sewer    | Killed a kobold brigand
  4225 | Sewer    | Reached skill level 1 in Armour
  4225 | Sewer    | Reached skill level 5 in Dodging
  4240 | Sewer    | Killed a kobold brigand
  4241 | Sewer    | Reached XP level 6. HP: 29/47 MP: 6/8
  4745 | Sewer    | Reached XP level 7. HP: 37/54 MP: 10/10
  5254 | D:5      | Identified the +0 mace of Yses {speed, rElec rC+ Str+3
                  | Stlth+}
  5301 | D:5      | Noticed a troll
  5729 | D:5      | Reached skill level 5 in Fighting
  5856 | D:5      | Reached XP level 8. HP: 56/63 MP: 11/11
  5923 | D:5      | Found an iron altar of Okawaru.
  5983 | D:5      | Found a shimmering blue altar of Sif Muna.
  6004 | D:4      | HP: 3/63 [poisoned by an orc wizard]
  7232 | D:5      | HP: 3/64 [something (3)]
  7233 | D:5      | Slain by an unseen horror

Illustrated notes

Levels and vault maps discovered:
D:1:      minmay_arrival_loop, layout_loops_corners, minmay_misc_feat_enclosed,
          minivault_23
D:2:      layout_loops_ring, serial_shops, nicolae_shop_behind_doors
D:3:      layout_basic, nicolae_wu_jian_glorious_leap,
          ebering_ecumenical_altar_petrified
D:4:      layout_basic, trog_hazing_becter, minmay_misc_feat_doors,
          minmay_misc_feat_ornament, lemuel_flame_loot_1
D:5:      layout_loops_cross, mainiacjoe_overflow_24_doors,
          okawaru_metal_pillars_1_2, gup_sewer_entry_bubbles,
          ebering_dispersal_statue_hall, kennysheep_path_1,
          minmay_divided_ellipse

Skill      XL: |  1  2  3  4  5  6  7  8 |
---------------+-------------------------+-----
Polearms       | 5 6 |  6.0
Fighting       | 3 4 5 6 |  6.2
Spellcasting   | 1 2 |  2.0
Summonings     | 1 2 4 |  4.8
Throwing       | 3 |  3.0
Armour         | 1 3 |  3.6
Dodging        | 5 |  5.0
Shields        | 2 3 |  3.2

Action                   |  1- 3 |  4- 6 |  7- 9 || total
-------------------------+-------+-------+-------++-------
Melee: Trident           |   134 |   238 |   190 ||   562
       Tailslap          |       |    12 |     5 ||    17
Throw: Dart              |       |    12 |     8 ||    20
Evoke: Wand              |       |     3 |       ||     3
  Use: Scroll            |       |     6 |    10 ||    16
       Potion            |       |     3 |     1 ||     4
 Stab: Sleeping          |     2 |     1 |       ||     3
Armor: Leather armour    |    18 |       |       ||    18
       Ring mail         |    12 |    80 |    83 ||   175
Dodge: Dodged            |    77 |   134 |    92 ||   303
Block: Kite shield       |       |   119 |   138 ||   257
       Other             |       |    16 |       ||    16
       Reflection        |       |     7 |     1 ||     8

Table legend: (Time is in decaauts)
 A = Elapsed time spent in this place.
 B = Non-inter-level travel time spent in this place.
 C = Inter-level travel time spent in this place.
 D = Time resting spent in this place.
 E = Time spent auto-exploring this place.
 F = Levels seen in this place.
 G = Mean time per level.
                   A        B        C        D        E       F      G
               +--------+--------+--------+--------+--------+-----+--------+
         Total |   7204 |   6972 |    232 |   1921 |   3329 |   6 | 1200.7 |
       Dungeon |   6302 |   6070 |    232 |   1586 |   3060 |   5 | 1260.4 |
         Sewer |    901 |    901 |      0 |    335 |    269 |   1 |  901.0 |
               +--------+--------+--------+--------+--------+-----+--------+

Top non-repeatable levels by time:
     D:4: 2445 daAuts
     D:5: 1244 daAuts
     D:1: 1023 daAuts
   Sewer: 901 daAuts
     D:3: 829 daAuts
     D:2: 760 daAuts
